 Dungeon Crawl Stone Soup version 0.25-a0-701-gb30f108f01 (webtiles) character file.

Game seed: 15008577082569136473, levelgen mode: deterministic

266 Hartz the Digger (level 6, -1/32 HPs)
             Began as a Gargoyle Earth Elementalist on Apr 3, 2020.
             Slain by Edmund
             ... wielding a +3 vorpal dire flail
              (7 damage)
             ... on level 4 of the Dungeon.
             The game lasted 00:08:45 (3666 turns).

Hartz the Digger (Gargoyle Earth Elementalist)      Turns: 3666, Time: 00:08:46

Health: -1/32      AC: 10    Str: 13    XL:     6   Next: 20%
Magic:  10/11      EV: 12    Int: 18    God:
Gold:   109        SH:  0    Dex: 10    Spells: 3/12 levels left

rFire    . . .     SeeInvis .   g - +0 dagger
rCold    . . .     Gourm    .   (no shield)
rNeg     + . .     Faith    .   c - +1 robe
rPois    ∞         Spirit   .   r - +2 helmet
rElec    +         Reflect  .   (no cloak)
rCorr    .         Harm     .   (no gloves)
MR       .....                  (no boots)
Stlth    ++........             (no amulet)
HPRegen  0.10/turn              n - +2 ring of strength
MPRegen  0.12/turn              (no ring)

@: lightly drained
A: negative energy resistance 1, electricity resistance, unbreathing,
petrification resistance, rot immunity, AC +4
a: no special abilities


You were on level 4 of the Dungeon.
You were not hungry.

You visited 1 branch of the dungeon, and saw 4 of its levels.

You collected 109 gold pieces.

Inventory:

Hand Weapons
 e - a +0 club
 g - a +0 dagger (weapon)
 h - a +0 mace
Missiles
 b - 150 stones (quivered)
Armour
 c - a +1 robe (worn)
 r - a +2 helmet (worn)
Jewellery
 n - a +2 ring of strength (left hand)
Scrolls
 f - a scroll of teleportation
 k - 4 scrolls of remove curse
 l - a scroll of fog
Potions
 a - a potion of mutation {unknown}
 i - 2 potions of curing {unknown}
 j - 3 potions of flight
 p - a potion of might {unknown}
 s - a potion of magic
Comestibles
 d - 10 rations
 m - 2 chunks of flesh


   Skills:
 - Level 1.5(1.3) Dodging
 - Level 2.1(1.9) Stealth
 + Level 3.8(3.6) Spellcasting
 + Level 3.0(2.8) Conjurations
   Level 0.7(0.5) Transmutations
 + Level 5.6(5.4) Earth Magic


You had 3 spell levels left.
You knew the following spells:

 Your Spells              Type           Power        Failure   Level  Hunger
a - Sandblast             Erth           ###...       1%          1    None
b - Stone Arrow           Conj/Erth      ###...       9%          3    ###....
c - Lee's Rapid Deconstr  Erth           ###.......   43%         5    ######.

Your spell library contained the following spells:

 Spells                   Type           Power        Failure   Level  Hunger
 Passwall                 Tmut/Erth      ##......     7%          2    ##.....
 Petrify                  Tmut/Erth      ##......     41%         4    ####...


Dungeon Overview and Level Annotations

Branches:
Dungeon (4/15)
 Temple: D:4-7

Altars:
Cheibriados
Fedhas
Makhleb
Uskayaw
Yredelemnul
The Shining One

Portals:
Abyss: D:3

Annotations:
D:3 2 transporters, abyssalknight's ghost, amateur CeAK
D:4 Edmund


Innate Abilities, Weirdness & Mutations

You are resistant to torment.
Your stone body is resilient. (AC +4)
You are immune to poison.
You resist negative energy. (rN+)
You are resistant to electric shocks. (rElec)
You can survive without breathing.
You are immune to petrification.
You are immune to rotting.


Message History

Aiming: Sandblast (safe; 1% risk of failure)
Press: ? - help, Shift-Dir - straight line, f/p - Edmund
Aim: Edmund, wielding a +3 vorpal dire flail and wearing a +0 chain mail (almost dead)
The blast of sand hits Edmund.
Edmund is almost dead.
b - 151 stones Edmund whines, "My parents never had time for me!"
Edmund barely misses you. Magic courses through your body.
Edmund hits you with a +3 vorpal dire flail.
* * * LOW HITPOINT WARNING * * *
x2
Casting: Sandblast (safe; 1% risk of failure)
Confirm with . or Enter, or press ? or * to list all spells.
Aiming: Sandblast (safe; 1% risk of failure)
Press: ? - help, Shift-Dir - straight line, f/p - Edmund
Aim: Edmund, wielding a +3 vorpal dire flail and wearing a +0 chain mail (almost dead)
The blast of sand misses Edmund.
b - 150 stones Edmund hits you with a +3 vorpal dire flail!
You die...

#. #. #.## # #..##@#
#.....# #.#..#
#.#..####.# #.#
#.#.@.....# #..
###.##@######.. #..
#...##.# #..## #..
#...##.# #.... ..
#...##.# #...######.
#...'..# #...#......
#...#########...#.####.
##...........<..#......
#.############.#####..
#.########............


You could see Edmund.

Vanquished Creatures
  An ogre (D:4)
  2 orc wizards (D:4)
  A worker ant (D:4)
  2 adders
  An ooze (D:4)
  3 worms
  4 dart slugs
  4 leopard geckos
  6 orcs
  6 bats
  4 goblins
  7 hobgoblins
  A quokka (D:3)
  2 ball pythons
  2 frilled lizards (D:1)
  6 kobolds
  2 rats
54 creatures vanquished.

Notes
Turn   | Place    | Note
-------+----------+-------------------------------------------
     0 | D:1      | Hartz the Gargoyle Earth Elementalist began the quest for
                  | the Orb.
     0 | D:1      | Reached XP level 1. HP: 10/10 MP: 3/3
   189 | D:1      | Reached skill level 4 in Earth Magic
   189 | D:1      | Reached XP level 2. HP: 10/15 MP: 3/5
   348 | D:1      | Found a glowing golden altar of the Shining One.
   786 | D:1      | You fall into a shaft and drop 1 floor!
  1202 | D:1      | Reached XP level 3. HP: 18/19 MP: 6/6
  1207 | D:1      | Learned a level 3 spell: Stone Arrow
  1718 | D:2      | Found a burning altar of Makhleb.
  1795 | D:2      | Noticed a +0 dagger
  1797 | D:2      | Noticed a +0 dagger
  1799 | D:2      | Found a hide-covered altar of Uskayaw.
  2206 | D:3      | Found a blossoming altar of Fedhas.
  2206 | D:3      | Found a snail-covered altar of Cheibriados.
  2206 | D:3      | Found a basalt altar of Yredelemnul.
  2316 | D:3      | Reached skill level 1 in Conjurations
  2413 | D:3      | Found a transporter.
  2440 | D:3      | Reached XP level 4. HP: 22/24 MP: 6/8
  2806 | D:3      | Noticed a small abomination
  2821 | D:3      | Found a transporter.
  2822 | D:3      | Found a one-way gate to the infinite horrors of the Abyss.
  2822 | D:3      | Noticed abyssalknight's ghost (amateur CeAK)
  2822 | D:3      | Noticed a toenail golem
  3155 | D:4      | Noticed an ogre
  3162 | D:4      | Killed an ogre
  3162 | D:4      | Reached skill level 5 in Earth Magic
  3162 | D:4      | Reached XP level 5. HP: 28/28 MP: 2/10
  3232 | D:4      | Learned a level 5 spell: Lee's Rapid Deconstruction
  3307 | D:4      | Reached XP level 6. HP: 31/32 MP: 0/11
  3648 | D:4      | Noticed Edmund
  3666 | D:4      | Slain by Edmund

Levels and vault maps discovered:
D:1:      dpeg_arrival_erosion, layout_loops_ring, tso_metal_star
D:2:      layout_basic, dancing_weapons_uskayaw, nicolae_overflow_hidden_temple,
          kennysheep_nub
D:3:      layout_basic, grunt_temple_overflow_open,
          gammafunk_ghost_abyssal_escape, minmay_misc_feat_hallway,
          minmay_stone_trees_medium, grunt_decor_one_mirror
D:4:      layout_basic, uniq_edmund

Skill      XL: |  1  2  3  4  5  6 |
---------------+-------------------+-----
Earth Magic    | 4 5 |  5.6
Conjurations   | 1 2 3 |  3.0
Spellcasting   | 3 |  3.8
Dodging        | |  1.5
Stealth        | |  2.1
Transmutations | |  0.7

Action                   |  1- 3 |  4- 6 || total
-------------------------+-------+-------++-------
Melee: Club              |     9 |       ||     9
       Unarmed           |     2 |       ||     2
       Dagger            |   117 |    58 ||   175
 Cast: Sandblast         |    22 |    46 ||    68
       Stone Arrow       |       |     3 ||     3
  Use: Scroll            |     8 |     2 ||    10
       Potion            |       |     1 ||     1
  Eat: Chunk             |     5 |     4 ||     9
Armor: Robe              |    49 |    31 ||    80
Dodge: Dodged            |    94 |    53 ||   147

Table legend:
 A = Non-vault XP
 B = Vault XP
 C = Vault XP percentage of total XP
 D = Non-vault monster count
 E = Vault monster count
 F = Vault count percentage of total count
                 A         B        C        D         E       F
            +---------+---------+-------+---------+---------+-------
      Total |     381 |       0 |   0.0 |      54 |       0 |   0.0
            +---------+---------+-------+---------+---------+-------
        D:1 |      42 |       0 |   0.0 |      22 |       0 |   0.0
        D:2 |      13 |       0 |   0.0 |       5 |       0 |   0.0
        D:3 |      48 |       0 |   0.0 |      15 |       0 |   0.0
        D:4 |     278 |       0 |   0.0 |      12 |       0 |   0.0
            +---------+---------+-------+---------+---------+-------
